 Dungeon Crawl Stone Soup version 0.18.1-8-gdd0e5ea (webtiles) character file.

91 rgaf the Cudgeler (level 4, 29/33 HPs)
             Began as a Demonspawn Skald on May 30, 2016.
             Got out of the dungeon alive.
             The game lasted 00:05:29 (2272 turns).

rgaf the Cudgeler (Demonspawn Skald)                Turns: 2272, Time: 00:05:30

Health: 29/33      AC:  5    Str: 17    XL:     4   Next: 33%
Magic:  7/7        EV: 11    Int: 14    God:
Gold:   69         SH:  0    Dex: 13    Spells: 1 memorised, 6 levels left

rFire  . . .     SeeInvis .     a - +0 mace
rCold  . . .     Gourm    .     b - +0 leather armour
rNeg   . . .     Faith    .     (no shield)
rPois  .         Spirit   +     (no helmet)
rElec  .         Dismiss  .     (no cloak)
rCorr  .         Reflect  .     (no gloves)
SustAt .         Harm     .     (no boots)
MR     .....                    (no amulet)
Stlth  +.........               (no ring)
                                g - +5 ring of strength

@: not resistant to hostile enchantments, very unstealthy
A: thin metallic scales 1, magic shield
a: no special abilities


You escaped.
You were near starving.

You visited 1 branch of the dungeon, and saw 2 of its levels.

You collected 69 gold pieces.

Inventory:

Hand Weapons
 a - a +0 mace (weapon)
Missiles
 k - 3 bolts
Armour
 b - a +0 leather armour (worn)
 e - a +0 pair of boots
Jewellery
 g - a +5 ring of strength (left hand)
Scrolls
 i - a scroll of teleportation {unknown}
 j - a scroll of remove curse {unknown}
 m - a scroll of random uselessness {unknown}
Potions
 h - a potion of lignification {unknown}
 n - a potion of degeneration {unknown}
Books
 c - a book of Battle

   Spells                             Type                      Level
   a - Infusion                       Charms                       1
   b - Shroud of Golubria             Charms/Translocation         2
   c - Song of Slaying                Charms                       2
   d - Spectral Weapon                Hexes/Charms                 3
   e - Regeneration                   Charms/Necromancy            3
Comestibles
 d - 2 bread rations
 f - a meat ration
 l - a slice of pizza


   Skills:
 - Level 2.0 Fighting
 + Level 4.0 Maces & Flails
 - Level 0.8 Armour
 - Level 0.8 Dodging
 - Level 1.0 Stealth
 - Level 2.0 Spellcasting
 - Level 2.6 Charms


You had 6 spell levels left.
You knew the following spells:

 Your Spells              Type           Power        Failure   Level  Hunger
a - Infusion              Chrm           #...         12%         1    ##.....


Dungeon Overview and Level Annotations

Branches:
Dungeon (2/15)

Altars:


Innate Abilities, Weirdness & Mutations

You are partially covered in thin metallic scales (AC +2).
When hurt, damage is shared between your health and your magic reserves.


Message History

You hit the goblin.
The goblin is severely wounded.
The goblin hits you but does no damage.
You sock the goblin!
You kill the goblin!
No target in view!
No target in view!
No target in view!
There is a stone staircase leading up here.
You climb upwards.
There is a stone staircase leading down here.
You see here a club.
You see here a club.
You see here a dagger.
You are near starving!
You can't go up here!
There is an open door here.
There is a staircase leading out of the dungeon here.
Are you sure you want to leave the Dungeon?
This will make you lose the game!
You have escaped!

#.# #.##. #.# #.##. #.#
#.##. #.# #.##. ##.## #.##.
############ ##...### #.##.
#.+....♣P#P###..[.†.###.##.
#.#≈≈≈..♣P#.♣##...#........
#.##≈8....@♣# #....####.###
#.#≈≈≈..♣P#.♣ #....# #.# #
#.'....♣P#P#####.#.# #.# #
#.###########.##.#.####.###
#.# #.# #.##.........>.
#.#######.###.#....#...##..
#.............#...........#
####.####.#####....#...####
#.# #.# ###.(##†##


There were no monsters in sight!

Vanquished Creatures
  3 adders (D:2)
  An ooze (D:2)
  2 worms (D:2)
  A dart slug (D:2)
  A giant gecko (D:1)
  9 goblins
  6 hobgoblins
  4 jackals (D:1)
  6 kobolds (D:1)
  A quokka (D:2)
  5 bats
  6 giant newts
  6 rats
51 creatures vanquished.

Notes
Turn   | Place    | Note
--------------------------------------------------------------
     0 | D:1      | rgaf the Demonspawn Skald began the quest for the Orb.
     0 | D:1      | Reached XP level 1. HP: 16/16 MP: 3/3
    19 | D:1      | Reached skill level 2 in Maces & Flails
    97 | D:1      | Gained mutation: You are partially covered in thin metallic scales (AC +2). [demonic ancestry]
    97 | D:1      | Reached XP level 2. HP: 9/22 MP: 5/5
   815 | D:1      | Reached skill level 3 in Maces & Flails
   942 | D:1      | Reached XP level 3. HP: 24/27 MP: 6/6
  1022 | D:1      | Reached skill level 1 in Stealth
  1635 | D:2      | Gained mutation: When hurt, damage is shared between your health and your magic reserves. [demonic ancestry]
  1635 | D:2      | Reached XP level 4. HP: 20/33 MP: 7/7
  2043 | D:2      | Reached skill level 4 in Maces & Flails
  2056 | D:2      | q
  2272 | D:$      | Got out of the dungeon alive.

Skill      XL: |  1  2  3  4 |
---------------+-------------+-----
Maces & Flails | 2 3 4 |  4.0
Stealth        | 1 |  1.0
Fighting       | |  2.0
Armour         | |  0.8
Dodging        | |  0.8
Spellcasting   | |  2.0
Charms         | |  2.6

Action                   |  1- 3 |  4- 6 || total
-------------------------+-------+-------++-------
Melee: Mace              |   144 |    53 ||   197
 Cast: Infusion          |       |     1 ||     1
 Stab: Sleeping          |     2 |       ||     2
  Eat: Chunk             |     2 |     1 ||     3
Armor: Leather armour    |    62 |    24 ||    86
Dodge: Dodged            |    90 |    41 ||   131
